 Dungeon Crawl Stone Soup version 0.30-a0-1163-gf69bf04e7a (webtiles) character file.

Game seed: 17200316239431003177

23 IdlyInterested the Charlatan (level 2, 0/23 HPs)
             Began as a Demonspawn Wanderer on Apr 28, 2023.
             Frozen to death by an endoplasm (4 damage)
             ... on level 1 of the Dungeon.
             The game lasted 00:02:18 (379 turns).

IdlyInterested the Charlatan (Demonspawn Wanderer)   Turns: 379, Time: 00:02:18

Health: 0/23       AC:  3    Str: 11    XL:     2   Next: 75%
Magic:  3/3        EV: 12    Int: 15    God:
Gold:   23         SH:  3    Dex: 11    Spells: 3/3 levels left

rFire   . . .        i - +0 short sword
rCold   . . .        j - +0 buckler
rNeg    . . .        d - +0 robe
rPois   .            (no helmet)
rElec   .            b - +0 cloak
rCorr   .            (no gloves)
SInv    .            (no boots)
Will    .....        (no amulet)
Stlth   +            (no ring)
HPRegen 0.23/turn    (no ring)
MPRegen 0.08/turn

%: no passive effects
@: no status effects
A: foul stench 1
a: no special abilities


You were on level 1 of the Dungeon.
You visited 1 branch of the dungeon, and saw 1 of its levels.

You collected 23 gold pieces.

Inventory:

Hand Weapons
 a - a +0 club
 h - a +0 dagger
 i - a +0 short sword (weapon)
Missiles
 k - 5 stones
Armour
 b - a +0 cloak (worn)
 d - a +0 robe (worn)
 j - a +0 buckler (worn)
Scrolls
 g - a scroll of fear {unknown}
Potions
 c - a potion of lignification
 f - a potion of flight {unknown}
Miscellaneous
 e - a condenser vane (inert) (quivered)


   Skills:
 * Level 2.3 Fighting
 * Level 0.3 Throwing
 - Level 3.0 Dodging
 - Level 1.0 Spellcasting
 - Level 1.7 Transmutations
 - Level 3.0 Evocations


You had 3 spell levels left.
You didn't know any spells.
Your spell library contained the following spells:

 Spells                   Type           Power      Damage    Failure   Level
 Wereblood                Tmut           6%         N/A       26%         2
 Passwall                 Tmut/Erth      2%         N/A       36%         2


Dungeon Overview and Level Annotations

Branches:
Dungeon (1/15)

Altars:


Innate Abilities, Weirdness & Mutations

You may rarely emit foul miasma when damaged in melee.


Message History

You block the bat's attack. The quokka closely misses you.
You hit the bat.
You kill the bat!
The endoplasm quivers.
The quokka bites you but does no damage.
You hit the quokka.
The quokka is severely wounded.
The quokka bites you but does no damage.
The quokka bites you but does no damage.
The quokka closely misses you. The quokka attacks as you move away!
The quokka bites you. The quokka barely misses you.
You closely miss the quokka.
The quokka is heavily wounded.
The quokka bites you but does no damage.
You barely miss the quokka.
The quokka is heavily wounded.
The quokka misses you.
You miss the quokka.
The quokka is heavily wounded.
The quokka bites you.
You emit a cloud of foul miasma!
The quokka is engulfed in dark miasma.
The quokka is poisoned.
The quokka misses you.
You miss the quokka.
The quokka is moderately wounded.
The quokka is engulfed in dark miasma.
The quokka looks even sicker.
The quokka bites you.
You hit the quokka but do no damage.
The quokka is almost dead.
The quokka is engulfed in dark miasma.
The quokka looks even sicker.
You kill the quokka!
The endoplasm misses you. The endoplasm freezes you.
You are frozen.
* * * LOW HITPOINT WARNING * * *
You see here a quokka corpse.
You barely miss the endoplasm. The endoplasm freezes you.
You are frozen.
You die...

.## .#
#.....##.##+#
..# #.#....#.#
#†# ####.#.#
#.#
#.####.#.#....
#.#
#......#.#...
#.###
#######..#.#..
#...#### ..
#..#...
.......#
#.###J.#..#
.......#
#...@J.#..#
.......###
######.#..####
###......#
#.......#
########.##
#####.###.#
..........#
##..!..##
....).....+
#..$....#
..........#
#.#............
......[...# ..
#.J...#......
..........#
#.....#...$..


You could see 2 endoplasms.

Vanquished Creatures
  An endoplasm (D:1)
  A giant cockroach (D:1)
  3 goblins (D:1)
  A hobgoblin (D:1)
  4 jackals (D:1)
  2 quokkas (D:1)
  3 ball pythons (D:1)
  A bat (D:1)
  3 kobolds (D:1)
  A rat (D:1)
20 creatures vanquished.

Notes
Turn   | Place    | Note
-------+----------+-------------------------------------------
     0 | D:1      | IdlyInterested the Demonspawn Wanderer began the quest for
                  | the Orb.
     0 | D:1      | IdlyInterested set off with the following items: a +0 club,
                  | a +0 cloak, a potion of lignification, a +0 robe, a
                  | condenser vane; and the following spells available to
                  | memorise: Wereblood, Passwall.
     0 | D:1      | Reached XP level 1. HP: 15/15 MP: 2/2
   162 | D:1      | Gained mutation: You may rarely emit foul miasma when
                  | damaged in melee. [demonic ancestry]
   162 | D:1      | Reached XP level 2. HP: 22/22 MP: 3/3
   379 | D:1      | Frozen to death by an endoplasm

Illustrated notes

Levels and vault maps discovered:
D:1:      ebering_trefoil_twist, layout_basic

Skill      XL: |  1  2 |
---------------+-------+-----
Fighting       | 2 |  2.3
Dodging        | 3 |  3.0
Throwing       | |  0.3
Spellcasting   | |  1.0
Transmutations | |  1.7
Evocations     | |  3.0

Action                     || total
---------------------------++-------
  Melee: Club              ||    31
         Dagger            ||     6
         Short sword       ||    61
  Throw: Stone             ||     3
  Evoke: Condenser vane    ||     1
 Armour: Robe              ||    25
  Dodge: Dodged            ||    77
  Block: Buckler           ||     3

Table legend: (Time is in decaauts)
 A = Elapsed time spent in this place.
 B = Non-inter-level travel time spent in this place.
 C = Inter-level travel time spent in this place.
 D = Time resting spent in this place.
 E = Time spent auto-exploring this place.
 F = Levels seen in this place.
 G = Mean time per level.
                   A        B        C        D        E       F      G
               +--------+--------+--------+--------+--------+-----+--------+
         Total |    388 |    388 |      0 |     17 |    139 |   1 |  388.0 |
       Dungeon |    388 |    388 |      0 |     17 |    139 |   1 |  388.0 |
               +--------+--------+--------+--------+--------+-----+--------+

Top non-repeatable levels by time:
     D:1: 388 daAuts
